 Dungeon Crawl Stone Soup version 0.30-a0-737-gf23d94013f (webtiles) character file.

Game seed: 4795535540185688848

17171 jimonade the Slicer (level 12, -14/61 HPs)
             Began as a Vine Stalker Brigand on Feb 2, 2023.
             Was a High Priest of Uskayaw.
             Demolished by an enormous slime creature (56 damage)
             ... on level 12 of the Dungeon.
             The game lasted 00:43:33 (12373 turns).

jimonade the Slicer (Vine Stalker Brigand)         Turns: 12373, Time: 00:43:34

Health: -14/61     AC:  6    Str: 21    XL:     12   Next: 45%
Magic:  0/33       EV: 15    Int: 11    God:    Uskayaw [*****.]
Gold:   718        SH:  8    Dex: 23    Spells: 26/26 levels left

rFire   + . .      SeeInvis .    a - +1 short sword (venom)
rCold   + . .      Faith    .    H - +2 buckler
rNeg    . . .      Spirit   +    J - +0 troll leather armour
rPois   .          Reflect  .    n - +0 helmet
rElec   .          Harm     .    D - scarf {rC+ rF+}
rCorr   +          Rampage  .    (no gloves)
Will    +....                    (no boots)
Stlth   +++                      f - amulet of regeneration
HPRegen 2.70/turn                m - ring of Bes Nagu {rCorr MP+9 Str+6 Dex-3 Slay+3}
MPRegen 0.23/turn                r - +6 ring of dexterity

@: no status effects
A: fangs 3, regeneration 1, magic shield, antimagic bite, no potion heal 2
a: Renounce Religion, Stomp, Line Pass, Grand Finale


You were on level 12 of the Dungeon.
You worshipped Uskayaw.
Uskayaw was noncommittal.
You visited 2 branches of the dungeon, and saw 13 of its levels.
You also visited: Sewer.

You collected 894 gold pieces.
You spent 176 gold pieces at shops.

Inventory:

Hand Weapons
 a - a +1 short sword of venom (weapon)
 b - a +3 dagger
 q - a +2 short sword
 w - a +0 sling
Missiles
 d - 41 poisoned darts (quivered)
 e - 6 curare-tipped darts
 g - 15 boomerangs
 h - 3 javelins
Armour
 c - a +0 cloak
 n - a +0 helmet (worn)
 o - a +0 ring mail
 p - a +0 scale mail of fire resistance
 D - a scarf of resistance (worn)
 F - a +0 leather armour of cold resistance
 G - a +0 kite shield
 H - a +2 buckler (worn)
 J - a +0 troll leather armour (worn)
Magical Staves
 u - a staff of air
Jewellery
 f - an amulet of regeneration (around neck)
 m - the ring of Bes Nagu (left hand) {rCorr MP+9 Str+6 Dex-3 Slay+3}
   (You acquired it on level 3 of the Dungeon)

   [ring of strength]

   Str:       It affects your strength (+6).
   Dex:       It affects your dexterity (-3).
   Slay:      It affects your accuracy & damage with ranged weapons and melee
   (+3).
   MP:        It affects your magic capacity (+9).
   rCorr:     It protects you from acid and corrosion.
 r - a +6 ring of dexterity (right hand)
 A - a ring of see invisible
 K - a ring of resist corrosion
 P - an amulet of faith
Wands
 s - a wand of roots (7)
 y - a wand of light (6)
Scrolls
 i - 4 scrolls of magic mapping
 k - 3 scrolls of identify
 x - 2 scrolls of blinking
 C - a scroll of enchant weapon
 E - 4 scrolls of teleportation
 I - a scroll of butterflies
 L - 2 scrolls of enchant armour {unknown}
 M - a scroll of fear
 N - a scroll of fog
Potions
 j - 4 potions of lignification
 l - a potion of brilliance {unknown}
 t - 6 potions of curing
 v - 2 potions of invisibility
 z - a potion of resistance
 B - 3 potions of might
 O - a potion of haste
 Q - a potion of ambrosia {unknown}
 R - a potion of magic {unknown}


   Skills:
 + Level 6.3 Fighting
 * Level 9.8 Short Blades
 + Level 5.2 Ranged Weapons
 + Level 2.9 Throwing
 + Level 5.9 Armour
 + Level 4.8 Dodging
 - Level 5.4 Stealth
 + Level 2.8 Shields
 * Level 7.7 Spellcasting
 * Level 7.1 Summonings
 + Level 0.7 Evocations


You had 26 spell levels left.
You didn't know any spells.
Your spell library contained the following spells:

 Spells                   Type           Power      Damage    Failure   Level
 Necrotise                Necr           16%        1d4       24%         1
 Animate Armour           Summ/Erth      24%        N/A       50%         4
 Summon Ice Beast         Ice/Summ       12%        N/A       50%         4
 Vampiric Draining        Necr           4%         2d6       58%         3
 Vhi's Electric Charge    Tloc/Air       8%         N/A       58%         3
 Summon Mana Viper        Hex/Summ       12%        N/A       85%         5
 Agony                    Necr           4%         N/A       100%        5
 Arcjolt                  Conj/Air       2%         1d12      100%        5
 Blade Hands              Tmut           2%         N/A       100%        5
 Fireball                 Conj/Fire      2%         3d4       100%        5
 Iskenderun's Battlesphe  Conj           4%         2d6       100%        5
 Conjure Ball Lightning   Conj/Air       2%         3x3d6     100%        6
 Iron Shot                Conj/Erth      2%         9d2       100%        6
 Monstrous Menagerie      Summ           9%         N/A       100%        7
 Orb of Destruction       Conj           2%         9d5       100%        7
 Maxwell's Capacitive Co  Air            2%         ∞         100%        8


Dungeon Overview and Level Annotations

Branches:
Dungeon (12/15)            Temple (1/1) D:6            Lair (0/5) D:10
    Orc (0/2) D:11          Sewer (visited)

Altars:
Ashenzari
Cheibriados
Dithmenos
Fedhas
Gozag
Kikubaaqudgha
Makhleb
Nemelex Xobeh
Okawaru
Qazlal
Ru
Sif Muna
Trog
Uskayaw
Vehumet
Wu Jian
Xom
Yredelemnul

Shops:
D:7 (   D:9 [

Annotations:
D:5 2 transporters


Innate Abilities, Weirdness & Mutations

You have razor-sharp teeth.
Your natural rate of healing is unusually fast.
When hurt, damage is shared between your health and your magic reserves.
Your bite disrupts and absorbs the magic of your enemies.
Potions cannot restore your health.


Message History

You block the enormous slime creature's attack.
You puncture the enormous slime creature!
The enormous slime creature is heavily wounded.
You hit the enormous slime creature. You bite the enormous slime creature!
You drain its power.
The enormous slime creature is heavily wounded.
You block the enormous slime creature's attack.
You puncture the enormous slime creature!
The enormous slime creature is heavily wounded.
You puncture the enormous slime creature!
Your bite misses the enormous slime creature.
The enormous slime creature is severely wounded.
The enormous slime creature completely misses you.
You puncture the enormous slime creature!
You bite the enormous slime creature. You drain its power.
The enormous slime creature is severely wounded.
You puncture the enormous slime creature!
You bite the enormous slime creature. You drain its power.
The enormous slime creature is severely wounded.
You block the enormous slime creature's attack.
You hit the enormous slime creature.
The enormous slime creature is severely wounded.
You can now merge with and destroy a victim.
You hit the enormous slime creature.
The enormous slime creature is severely wounded.
The enormous slime creature hits you!!!
You hit the enormous slime creature.
The enormous slime creature looks as sick as possible!
You bite the enormous slime creature! You drain its power.
You feel invigorated.
The enormous slime creature is almost dead.
You block the enormous slime creature's attack.
You puncture the enormous slime creature!
The enormous slime creature looks as sick as possible!
The enormous slime creature is almost dead.
You hit the enormous slime creature but do no damage.
The enormous slime creature is almost dead.
The enormous slime creature hits you!!!!
Ouch! That really hurt!
You die...

#.#
#............>#
#.... #.#
########...####
###.# #.# ##.##
#.# #.# #.# #.#
###.# #.# #..
#...# #.# ###
#.### #.# #.#
##########.#
#.#
#...J@.....#
#(#
#.##########
#.# #.# #.#
######## #.#
#....... #.#
### #.######
#.# ..# #.# #.#
#.# #.#


You could see an enormous slime creature (extremely poisoned).

Vanquished Creatures
  4 two-headed ogres
  A boulder beetle (D:11)
  Nergalle (D:12)
  A deep elf pyromancer (D:12)
  An ugly thing (D:12)
  2 cyclopes (D:12)
  3 gargoyles
  2 unseen horrors
  A kobold demonologist (D:12)
  5 trolls
  4 slime creatures (D:12)
  A shadow (D:10)
  A vampire (D:12)
  A wyvern (D:9)
  10 yaks
  9 vampire mosquitoes
  A basilisk (D:12)
  A steam dragon (D:9)
  2 acid dragons
  A swamp drake (D:11)
  3 water moccasins
  3 sky beasts
  4 orc warriors
  An ice beast (D:7)
  3 ogres (D:5)
  5 wolves (D:10)
  A centaur (D:7)
  A phantom (D:7)
  A kobold brigand (D:9)
  2 bullfrogs (Sewer)
  3 gnoll sergeants
  A scorpion (D:6)
  3 wights (D:8)
  9 killer bees
  4 electric eels (D:10)
  14 howler monkeys
  A lava snake (D:11)
  A jelly (D:5)
  9 hounds
  11 orc priests
  A gnoll bouda (D:5)
  4 iguanas
  10 orc wizards
  21 gnolls
  8 adders
  A shadow imp (D:8)
  2 white imps
  3 worms (D:5)
  A dart slug (D:2)
  33 orcs
  5 endoplasms
  16 giant cockroaches
  9 goblins
  10 hobgoblins
  9 quokkas
  10 ball pythons
  2 bats
  12 frilled lizards
  13 kobolds
  7 rats
309 creatures vanquished.

Vanquished Creatures (others)
  An orc warrior (D:11)
  6 plants (D:5)
7 creatures vanquished.

Grand Total: 316 creatures vanquished

Notes
Turn   | Place    | Note
-------+----------+-------------------------------------------
     0 | D:1      | jimonade the Vine Stalker Brigand began the quest for the
                  | Orb.
     0 | D:1      | Reached XP level 1. HP: 11/11 MP: 2/2
    58 | D:1      | Reached skill level 5 in Stealth
   166 | D:1      | Reached skill level 2 in Short Blades
   166 | D:1      | Reached XP level 2. HP: 14/15 MP: 3/3
   494 | D:1      | Reached skill level 1 in Dodging
   686 | D:1      | Reached XP level 3. HP: 18/18 MP: 4/4
  1486 | D:2      | Gained mutation: Your natural rate of healing is unusually
                  | fast. [Vine Stalker growth]
  1486 | D:2      | Reached XP level 4. HP: 17/23 MP: 5/5
  1858 | D:3      | Found a glowing drain.
  1870 | Sewer    | Entered a sewer
  2011 | Sewer    | Reached skill level 3 in Short Blades
  2095 | Sewer    | Reached skill level 1 in Spellcasting
  2162 | Sewer    | Noticed a bullfrog
  2163 | Sewer    | Noticed a bullfrog
  2167 | Sewer    | Killed a bullfrog
  2168 | Sewer    | Reached skill level 1 in Ranged Weapons
  2168 | Sewer    | Reached skill level 1 in Summonings
  2168 | Sewer    | Reached XP level 5. HP: 20/26 MP: 4/7
  2172 | Sewer    | Reached skill level 1 in Armour
  2172 | Sewer    | Reached XP level 6. HP: 22/30 MP: 7/9
  3036 | D:3      | Identified 2 scrolls of acquirement
  3036 | D:3      | Acquired an amulet of regeneration
  3046 | D:3      | Acquired the ring of Bes Nagu {rCorr MP+9 Str+6 Dex-3
                  | Slay+3}
  3408 | D:4      | Found a shimmering blue altar of Sif Muna.
  3774 | D:5      | Entered Level 5 of the Dungeon
  3837 | D:5      | Reached XP level 7. HP: 35/35 MP: 11/11
  3934 | D:5      | Found a transporter.
  3947 | D:5      | Identified the +4 trident "Awnic" {venom, Fly Dex+3}
  3996 | D:5      | Reached skill level 4 in Short Blades
  4090 | D:5      | Found a stormy altar of Qazlal.
  4290 | D:5      | Gained mutation: You have razor-sharp teeth. [Vine Stalker
                  | growth]
  4290 | D:5      | Reached XP level 8. HP: 40/40 MP: 13/13
  4296 | D:5      | Found a transporter.
  5035 | D:7      | Found Orocov's Antique Weapon Shop.
  5050 | D:6      | HP: 2/40 [orc/+0 mace (3)]
  5222 | D:6      | Reached skill level 5 in Short Blades
  5351 | D:6      | Found a staircase to the Ecumenical Temple.
  5360 | Temple   | Entered the Ecumenical Temple
  5661 | D:6      | Found an iron altar of Okawaru.
  5949 | D:7      | Reached XP level 9. HP: 26/45 MP: 11/15
  6238 | D:7      | Reached skill level 6 in Short Blades
  7130 | D:8      | Noticed an unseen horror
  7143 | D:8      | Killed an unseen horror
  7564 | D:8      | Reached skill level 5 in Spellcasting
  8016 | D:9      | Reached skill level 7 in Short Blades
  8016 | D:9      | Reached XP level 10. HP: 36/51 MP: 18/18
  8221 | D:9      | Found a hide-covered altar of Uskayaw.
  8236 | D:9      | Reached skill level 5 in Summonings
  8248 | D:9      | Became a worshipper of Uskayaw the Reveller
  8500 | D:9      | Reached * piety under Uskayaw
  8505 | D:9      | Reached ** piety under Uskayaw
  8511 | D:9      | Reached *** piety under Uskayaw
  8515 | D:9      | Reached **** piety under Uskayaw
  8529 | D:9      | Found Xijasao's Antique Armour Boutique.
  8608 | D:9      | Identified the +2 cloak of the Constellations {*Slow rF+++
                  | rC+ Int+3}
  8617 | D:9      | Bought a runed scarf for 176 gold pieces
  8899 | D:10     | Entered Level 10 of the Dungeon
  9070 | D:10     | Reached skill level 8 in Short Blades
  9097 | D:10     | Reached skill level 5 in Fighting
  9140 | D:10     | Found an opulent altar of Gozag.
  9140 | D:10     | Found a snail-covered altar of Cheibriados.
  9361 | D:10     | Reached skill level 5 in Armour
  9361 | D:10     | Reached XP level 11. HP: 56/56 MP: 21/21
  9414 | D:10     | Found a radiant altar of Vehumet.
  9447 | D:10     | Reached skill level 1 in Shields
  9694 | D:10     | Noticed a two-headed ogre
  9709 | D:10     | Killed a two-headed ogre
  9807 | D:10     | Found a staircase to the Lair.
 10209 | D:11     | Noticed a two-headed ogre
 10405 | D:11     | Reached skill level 9 in Short Blades
 10737 | D:11     | Killed a two-headed ogre
 10738 | D:11     | Reached skill level 5 in Ranged Weapons
 11084 | D:11     | Found a staircase to the Orcish Mines.
 11259 | D:11     | Noticed a boulder beetle
 11277 | D:11     | Killed a boulder beetle
 11590 | D:12     | Noticed a deep elf pyromancer
 11604 | D:12     | Killed a deep elf pyromancer
 11616 | D:12     | Noticed a green ugly thing
 11635 | D:12     | Killed a green ugly thing
 11636 | D:12     | Reached XP level 12. HP: 50/61 MP: 23/23
 11718 | D:12     | Reached ***** piety under Uskayaw
 11819 | D:12     | Noticed a two-headed ogre
 11834 | D:12     | Killed a two-headed ogre
 11968 | D:12     | Noticed a two-headed ogre
 12004 | D:12     | Killed a two-headed ogre
 12278 | D:12     | Noticed Nergalle
 12287 | D:12     | Killed Nergalle
 12373 | D:12     | Demolished by an enormous slime creature

Illustrated notes

Levels and vault maps discovered:
D:1:      dpeg_arrival_long_road, layout_loops_cross
D:2:      layout_basic
D:3:      layout_basic, cheibrodos_sewer_entry_drain
D:4:      layout_basic, led_sif_book
D:5:      layout_rooms, mainiacjoe_overflow_tiny_flanked,
          gammafunk_ghost_gnarly_gnolls
D:6:      layout_rooms, good_gods_mini_temple, nicolae_overflow_hidden_temple,
          okawaru_altar_gauntlet_db, minmay_temple_entry_junction,
          corexii_item_surrounded_by_moat
D:7:      layout_rooms, serial_shops, nicolae_shop_trees
D:8:      layout_basic
D:9:      layout_roguey, nicolae_uskayaw_dance_hall, serial_shops,
          nicolae_shop_advertising_works [nicolae_subvault_shop_adworks]
D:10:     layout_basic, mainiacjoe_overflow_surrounded_room,
          gammafunk_temple_overflow_elements, erik_lair_island,
          kennysheep_windowed_goal
D:11:     layout_cave_pools, erik_orc_1, grunt_decor_junction
D:12:     layout_loops_ring, uniq_nergalle
Temple:   grunt_temple_mini_profane

Skill      XL: |  1  2  3  4  5  6  7  8  9 10 11 12 |
---------------+-------------------------------------+-----
Stealth        | 5 |  5.4
Short Blades   | 2 3 4 5 7 8 9 |  9.8
Dodging        | 1 2 3 4 |  4.8
Fighting       | 2 3 4 5 6 |  6.3
Spellcasting   | 1 2 3 5 6 7 |  7.7
Ranged Weapons | 1 3 4 5 |  5.2
Summonings     | 1 2 3 4 5 6 7 |  7.1
Armour         | 1 2 3 5 |  5.9
Throwing       | 2 |  2.9
Shields        | 2 |  2.8
Evocations     | |  0.7

Action                     |  1- 3 |  4- 6 |  7- 9 | 10-12 || total
---------------------------+-------+-------+-------+-------++-------
  Melee: Dagger            |   101 |   137 |   352 |   155 ||   745
         Bite              |    21 |    30 |   132 |   207 ||   390
         Punch             |       |     2 |     7 |     3 ||    12
         Short sword       |       |       |       |   342 ||   342
   Fire: Sling             |       |    67 |    13 |    38 ||   118
  Throw: Dart              |       |     4 |     7 |    11 ||    22
  Evoke: Wand              |       |       |       |     6 ||     6
    Use: Scroll            |       |    12 |     7 |     2 ||    21
   Stab: Sleeping          |    11 |     6 |     5 |     5 ||    27
         Paralysed         |       |       |       |    21 ||    21
         Distracted        |       |       |       |     1 ||     1
         Confused          |       |       |       |     1 ||     1
 Armour: Robe              |     6 |       |       |       ||     6
         Ring mail         |    13 |    35 |    96 |    29 ||   173
         Leather armour    |    10 |       |       |       ||    10
         Troll leather arm |       |       |       |    31 ||    31
  Dodge: Dodged            |    46 |    71 |   143 |   198 ||   458
  Block: Buckler           |       |       |       |    84 ||    84
         Kite shield       |       |       |       |     1 ||     1

Table legend: (Time is in decaauts)
 A = Elapsed time spent in this place.
 B = Non-inter-level travel time spent in this place.
 C = Inter-level travel time spent in this place.
 D = Time resting spent in this place.
 E = Time spent auto-exploring this place.
 F = Levels seen in this place.
 G = Mean time per level.
                   A        B        C        D        E       F      G
               +--------+--------+--------+--------+--------+-----+--------+
         Total |  12153 |  11290 |    863 |    729 |   7131 |  14 |  868.1 |
       Dungeon |  11311 |  10485 |    826 |    729 |   6595 |  12 |  942.6 |
        Temple |    211 |    174 |     37 |      0 |    173 |   1 |  211.0 |
         Sewer |    630 |    630 |      0 |      0 |    362 |   1 |  630.0 |
               +--------+--------+--------+--------+--------+-----+--------+

Top non-repeatable levels by time:
    D:10: 1512 daAuts
     D:8: 1160 daAuts
     D:1: 942 daAuts
     D:3: 931 daAuts
    D:11: 925 daAuts
     D:9: 916 daAuts
     D:5: 887 daAuts
    D:12: 842 daAuts
     D:7: 830 daAuts
     D:6: 796 daAuts
     D:2: 795 daAuts
     D:4: 770 daAuts
   Sewer: 630 daAuts
  Temple: 211 daAuts
